 Dungeon Crawl Stone Soup version 0.31-a0-177-g4aa6249778 (webtiles) character file.

Game seed: 781519114258571488

28 Hajna the Trooper (level 3, -1/34 HPs)
             Began as a Hill Orc Monk on June 19, 2023.
             Slain by a gnoll
             ... wielding a +0 halberd
              (10 damage)
             ... on level 2 of the Dungeon.
             The game lasted 00:01:50 (1053 turns).

Hajna the Trooper (Hill Orc Monk)                   Turns: 1053, Time: 00:01:50

Health: -1/34      AC:  2    Str: 15    XL:     3   Next: 12%
Magic:  3/3        EV: 12    Int: 10    God:
Gold:   20         SH:  0    Dex: 13    Spells: 2/2 levels left

rFire   . . .        a - +0 hand axe
rCold   . . .        d - orb {light}
rNeg    . . .        b - +0 robe
rPois   .            (no helmet)
rElec   .            (no cloak)
rCorr   .            (no gloves)
SInv    .            (no boots)
Will    .....        (no amulet)
Stlth   +            (no ring)
HPRegen 0.25/turn    (no ring)
MPRegen 0.08/turn

%: no passive effects
@: glowing
A: no striking features
a: no special abilities


You were on level 2 of the Dungeon.
You visited 1 branch of the dungeon, and saw 2 of its levels.

You collected 20 gold pieces.

Inventory:

Hand Weapons
 a - a +0 hand axe (weapon)
Armour
 b - a +0 robe (worn)
 d - an orb of light (worn)
Scrolls
 f - 3 scrolls of identify {unknown}
 h - a scroll of silence {unknown}
Potions
 e - a potion of curing {unknown}
 g - 2 potions of might {unknown}
 i - a potion of experience {unknown}


   Skills:
 * Level 4.5 Fighting
 + Level 4.3 Axes
 + Level 2.7 Dodging


You had 2 spell levels left.
You didn't know any spells.
Your spell library was empty.

Dungeon Overview and Level Annotations

Branches:
Dungeon (2/15)

Altars:


Message History

You are too injured to fight recklessly!
You are too injured to fight recklessly!
The gnoll hits you with a +0 halberd!
* * * LOW HITPOINT WARNING * * *
Okay, then.
You are confused.
You feel invigorated. The gnoll barely misses you.
You bump into the rock wall.
The gnoll hits you with a +0 halberd!
* * * LOW HITPOINT WARNING * * *
You hit the gnoll but do no damage. The gnoll closely misses you.
The gnoll barely misses you. The gnoll hits you with a +0 halberd!
You see here a +0 chain mail.
The gnoll hits you with a +0 halberd.
You bump into the rock wall.
You feel less invigorated.
You feel less confused. The gnoll hits you with a +0 halberd.
You hit the gnoll but do no damage. The gnoll completely misses you.
You hit the gnoll.
The gnoll is lightly wounded.
The gnoll closely misses you.
You hit the gnoll.
The gnoll is moderately wounded.
The gnoll barely misses you.
You hit the gnoll.
The gnoll is moderately wounded.
The gnoll hits you with a +0 halberd!
* * * LOW HITPOINT WARNING * * *
The gnoll closely misses you.
You hit the gnoll but do no damage.
The gnoll is moderately wounded.
The gnoll hits you with a +0 halberd.
* * * LOW HITPOINT WARNING * * *
You hit the gnoll but do no damage.
The gnoll is moderately wounded.
The gnoll barely misses you.
You hit the gnoll.
The gnoll is severely wounded.
The gnoll hits you with a +0 halberd!
You die...

#.#. .......
#.#.#.......
..........
#>...>...
#...#..#
#.....# #..†.#
#####..g.###
#......[@..#
##..........#
.....P♣......#
...♣P♣P......#
...PP......=.#
#...........#
##....<#.####
##.####.# #.
#.#


You could see a gnoll.

Vanquished Creatures
  A dart slug (D:1)
  5 endoplasms
  3 giant cockroaches (D:1)
  2 goblins (D:1)
  A hobgoblin (D:1)
  A kobold (D:1)
  2 quokkas (D:1)
  4 bats
  A frilled lizard (D:1)
  3 rats (D:1)
23 creatures vanquished.

Notes
Turn   | Place    | Note
-------+----------+-------------------------------------------
     0 | D:1      | Hajna the Hill Orc Monk began the quest for the Orb.
     0 | D:1      | Reached XP level 1. HP: 19/19 MP: 1/1
    99 | D:1      | Reached XP level 2. HP: 16/27 MP: 2/2
   966 | D:1      | Reached XP level 3. HP: 34/34 MP: 3/3
  1053 | D:2      | Slain by a gnoll

Illustrated notes

Levels and vault maps discovered:
D:1:      dpeg_arrival_water_temple_mockup, layout_loops_corners, minivault_23,
          minmay_pentomino_q4
D:2:      layout_rooms, basic_altar, serial_park_tiny_2,
          chequers_serial_rivers_micro_b, nrook_loot_triangle

Skill      XL: |  1 |
---------------+----+-----
Fighting       | 4 |  4.5
Axes           | |  4.3
Dodging        | |  2.7

Action                     || total
---------------------------++-------
  Melee: Hand axe          ||    69
    Use: Potion            ||     1
 Armour: Robe              ||    11
  Dodge: Dodged            ||    61

Table legend: (Time is in decaauts)
 A = Elapsed time spent in this place.
 B = Non-inter-level travel time spent in this place.
 C = Inter-level travel time spent in this place.
 D = Time resting spent in this place.
 E = Time spent auto-exploring this place.
 F = Levels seen in this place.
 G = Mean time per level.
                   A        B        C        D        E       F      G
               +--------+--------+--------+--------+--------+-----+--------+
         Total |   1058 |   1002 |     56 |      0 |    851 |   2 |  529.0 |
       Dungeon |   1058 |   1002 |     56 |      0 |    851 |   2 |  529.0 |
               +--------+--------+--------+--------+--------+-----+--------+

Top non-repeatable levels by time:
     D:1: 1027 daAuts
     D:2: 31 daAuts
